 Dungeon Crawl Stone Soup version 0.25-a0-265-g7af84ae0ac (webtiles) character file.

Game seed: 520163221528345353, levelgen mode: deterministic

34 Redear the Skirmisher (level 3, -11/26 HPs)
             Began as an Octopode Chaos Knight on Dec 8, 2019.
             Was a Plaything of Xom.
             Mangled by a fire vortex (18 damage)
             ... summoned by the capriciousness of Xom
             ... on level 1 of the Dungeon.
             The game lasted 00:00:36 (615 turns).

Redear the Skirmisher (Octopode Chaos Knight)        Turns: 615, Time: 00:00:36

Health: -11/26     AC:  1    Str: 11    XL:     3   Next: 31%
Magic:  3/3        EV: 14    Int: 14    God:    Xom [..*...]
Gold:   66         SH:  0    Dex: 12    Spells: 2/2 levels left

rFire    . . .     SeeInvis .   a - +0 falchion (chaos)
rCold    . . .     Gourm    .   (no shield)
rNeg     . . .     Faith    .   (helmet restricted)
rPois    .         Spirit   .   (no amulet)
rElec    .         Reflect  .   (no ring)
rCorr    .         Harm     .   (no ring)
MR       .....                  (no ring)
Stlth    +++.......             (no ring)
HPRegen  0.08/turn              (no ring)
MPRegen  0.08/turn              (no ring)
                                (no ring)
                                (no ring)

@: no status effects
A: almost no armour, stealthy swim, amphibious, 8 rings, constrict 8, camouflage
1, gelatinous body 1
a: Renounce Religion


You were on level 1 of the Dungeon.
You worshipped Xom.
You were a toy of Xom.
You were not hungry.

You visited 1 branch of the dungeon, and saw 1 of its levels.

You collected 66 gold pieces.

Inventory:

Hand Weapons
 a - a +0 falchion of chaos (weapon)
Scrolls
 c - a scroll of noise {unknown}
 d - a scroll of remove curse {unknown}
 e - a scroll of enchant armour {unknown}
Potions
 b - a potion of haste {unknown}
 f - a potion of brilliance {unknown}
Comestibles
 z - 3 rations


   Skills:
 + Level 3.3 Fighting
 + Level 3.3 Long Blades
 + Level 2.8 Dodging
 + Level 2.0 Stealth


You had 2 spell levels left.
You didn't know any spells.
Your spell library was empty.

Dungeon Overview and Level Annotations

Branches:
Dungeon (1/15)

Altars:


Innate Abilities, Weirdness & Mutations

You cannot wear most types of armour.
You are very stealthy in the water. (Stealth+)
You are amphibious.
You can wear up to eight rings at the same time.
You can use your tentacles to constrict eight enemies at once.
Your skin changes colour to match your surroundings (Stealth+).
Your rubbery body absorbs attacks. (AC +1, EV +1)


Message History

You are too injured to fight recklessly!
A fire vortex is nearby!
Unknown command.
You are too injured to fight recklessly!
A fire vortex is nearby!
Unknown command.
You are too injured to fight recklessly!
A fire vortex is nearby!
A fire vortex is nearby!
You are too injured to fight recklessly!
Unknown command.
Unknown command.
Unknown command.
Unknown command.
The fire vortex hits you.
* * * LOW HITPOINT WARNING * * *
The fire vortex burns you!
Ouch! That really hurt!
You die...
Xom chortles!

#<#..###..##.[###########..#.
### ...8##.........# ##...
.....##..######.# ##.#
.8.8.###.## #.# #.# ..... #.#
#.# #.# ###.# #.# ###.# #.#.#
#.# #...# #.#.## #.# #.###
#..@.## #.# #.# #..#bb# #.#
#.# ##°...# #.####.# #.....#
#......# #.##### #####..# #.#
#..# #.###### #..# #......#
#..# #.####.# #..#


There were no monsters in sight!

Vanquished Creatures
  A gnoll (D:1)
  A leopard gecko (D:1)
  4 goblins (D:1)
  4 hobgoblins (D:1)
  5 kobolds (D:1)
  3 bats (D:1)
  3 frilled lizards (D:1)
  3 rats (D:1)
24 creatures vanquished.

Vanquished Creatures (others)
  A fire vortex (D:1)
1 creature vanquished.

Grand Total: 25 creatures vanquished

Notes
Turn   | Place    | Note
-------+----------+-------------------------------------------
     0 | D:1      | Redear the Octopode Chaos Knight began the quest for the
                  | Orb.
     0 | D:1      | Reached XP level 1. HP: 16/16 MP: 1/1
     6 | D:1      | Noticed a swamp worm
     6 | D:1      | Noticed a black mamba
     7 | D:1      | Noticed a swamp drake
     7 | D:1      | Noticed a worker ant
    50 | D:1      | XOM: silly message
   152 | D:1      | Reached skill level 1 in Stealth
   152 | D:1      | Reached XP level 2. HP: 19/21 MP: 2/2
   276 | D:1      | XOM: harmless Air miscast
   401 | D:1      | Reached XP level 3. HP: 22/26 MP: 3/3
   445 | D:1      | XOM: harmless Conj miscast
   590 | D:1      | Reached skill level 2 in Stealth
   604 | D:1      | XOM: mild Fire miscast
   613 | D:1      | XOM: butterfly on damage
   615 | D:1      | Mangled by a fire vortex

Levels and vault maps discovered:
D:1:      onia_arrival_zoo_common, layout_loops_ring

Skill      XL: |  1  2  3 |
---------------+----------+-----
Stealth        | 1 2 |  2.0
Fighting       | |  3.3
Long Blades    | |  3.3
Dodging        | |  2.8

Action                   || total
-------------------------++-------
Melee: Falchion          ||    38
       Constrict         ||    11
       Tentacles         ||     7
 Stab: Sleeping          ||     5
Armor: Skin              ||     4
Dodge: Dodged            ||    23
       Rpst.: Falchion   ||     6

Table legend:
 A = Non-vault XP
 B = Vault XP
 C = Vault XP percentage of total XP
 D = Non-vault monster count
 E = Vault monster count
 F = Vault count percentage of total count
                 A         B        C        D         E       F
            +---------+---------+-------+---------+---------+-------
      Total |      49 |       0 |   0.0 |      24 |       0 |   0.0
            +---------+---------+-------+---------+---------+-------
        D:1 |      49 |       0 |   0.0 |      24 |       0 |   0.0
            +---------+---------+-------+---------+---------+-------
